 Dungeon Crawl Stone Soup version 0.22.1-1-ga44c0e5 (webtiles) character file.

368 MalarOregon the Shield-Bearer (level 6, 0/55 HPs)
             Began as a Minotaur Fighter on Sept 22, 2018.
             Was a Follower of Yredelemnul.
             Slain by an orc priest
             ... wielding a +0 trident
              (6 damage)
             ... on level 4 of the Dungeon.
             The game lasted 00:10:38 (2769 turns).

MalarOregon the Shield-Bearer (Minotaur Fighter)    Turns: 2769, Time: 00:10:39

Health: 0/55       AC:  7    Str: 20    XL:     6   Next: 41%
Magic:  5/5        EV:  8    Int:  7    God:    Yredelemnul [*.....]
Gold:   92         SH: 10    Dex: 10    Spells: 5/5 levels left

rFire    . . .     SeeInvis .   a - +0 flail
rCold    . . .     Gourm    .   c - +0 shield
rNeg     . . .     Faith    .   b - +0 scale mail
rPois    .         Spirit   .   (helmet restricted)
rElec    .         Reflect  .   (no cloak)
rCorr    .         Harm     .   (no gloves)
MR       .....                  (no boots)
Stlth    ..........             (no amulet)
HPRegen  0.18/turn              (no ring)
MPRegen  0.09/turn              (no ring)

@: lethally poisoned (0 -> -2)
A: retaliatory headbutt, horns 2
a: Animate Remains, Renounce Religion


You were on level 4 of the Dungeon.
You worshipped Yredelemnul.
Yredelemnul was aware of your devotion.
You were not hungry.

You visited 1 branch of the dungeon, and saw 4 of its levels.

You collected 92 gold pieces.

Inventory:

Hand Weapons
 a - a +0 flail (weapon)
Armour
 b - a +0 scale mail (worn)
 c - a +0 shield (worn)
Jewellery
 s - an uncursed amulet of the gourmand {unknown}
   (You found it on level 2 of the Dungeon)
Scrolls
 f - a scroll of remove curse {unknown}
 g - a scroll of enchant weapon {unknown}
 i - 2 scrolls of noise {unknown}
 j - 2 scrolls of magic mapping {unknown}
 l - a scroll of teleportation {unknown}
 m - 2 scrolls of identify {unknown}
 n - a scroll of immolation {unknown}
 o - 2 scrolls of fear {unknown}
 t - a scroll of fog {unknown}
 v - a scroll of blinking {unknown}
Potions
 d - 3 potions of might
 h - 2 potions of ambrosia {unknown}
 k - 2 potions of flight {unknown}
 p - 2 potions of agility {unknown}
 r - a potion of berserk rage {unknown}
 u - a potion of haste {unknown}
Comestibles
 e - 6 rations {!d}
 q - 3 chunks of flesh


   Skills:
 + Level 4.8 Fighting
 * Level 4.7 Maces & Flails
 + Level 4.6 Armour
 + Level 2.3 Dodging
 * Level 5.6 Shields


You had 5 spell levels left.
You didn't know any spells.
Your spell library was empty.

Dungeon Overview and Level Annotations

Branches:
Dungeon (4/15)
 Temple: D:4-7

Altars:
Elyvilon
Fedhas
Nemelex Xobeh
Uskayaw
Yredelemnul


Innate Abilities, Weirdness & Mutations

You reflexively headbutt those who attack you in melee.
You have a pair of horns on your head.


Message History

An orc comes into view. It is wielding a dagger.
The orc shouts!
You block the orc's attack.
The scorpion stings you but does no damage.
The orc hits you.
There is a stone staircase leading up here.
You hit the scorpion. Your headbutt misses the scorpion.
An orc priest comes into view. It is wielding a trident.
The scorpion stings you.
You are poisoned.
The scorpion poisons you! You block the orc's attack.
You closely miss the scorpion. Your headbutt misses the scorpion.
You feel sick. The scorpion stings you. The orc closely misses you.
You hit the scorpion.
You headbutt the scorpion, but do no damage.
You feel sick. You block the scorpion's attack. You block the orc's attack.
The scorpion stings you!
You closely miss the orc.
You feel sick. You block the orc's attack. x2
The scorpion stings you but does no damage.
The orc hits you with a dagger.
Your shield and scale mail prevent you from hitting the orc.
You headbutt the orc.
You kill the orc!
Yredelemnul accepts your kill. The orc barely misses you.
You furiously retaliate!
You headbutt the orc!
You kill the orc!
Yredelemnul accepts your kill. The scorpion stings you.
* * * LOW HITPOINT WARNING * * *
You barely miss the scorpion. You headbutt the scorpion!
You feel sick.
The orc priest invokes the aid of Beogh against you.
You barely resist. You block the scorpion's attack.
The orc priest invokes the aid of Beogh against you.
You barely resist. You sock the scorpion!
You kill the scorpion!
Yredelemnul accepts your kill.
The orc priest invokes the aid of Beogh against you.
Pain shoots through your body!
* * * LOW HITPOINT WARNING * * *
You block the orc priest's attack.
You hit the orc priest but do no damage.
Your headbutt misses the orc priest.
You feel sick.
The orc priest invokes the aid of Beogh against you.
Beogh smites you!
* * * LOW HITPOINT WARNING * * *
You closely miss the orc priest. You headbutt the orc priest.
The orc priest hits you with a trident.
You die...
Your body rises from the dead as a mindless zombie.

#..<.$.....#
#..........
#.........###.
#.............
###............
............#
#...)[)o..#
#...)<@...#
#...)[[...#
##.......##
##.....##
#######


You could see an orc priest.

Vanquished Creatures
  An ogre (D:3)
  A scorpion (D:4)
  2 orc priests (D:3)
  Jessica (D:3)
  An orc wizard (D:3)
  5 adders
  A dart slug (D:1)
  A leopard gecko (D:1)
  12 orcs
  3 giant cockroaches (D:3)
  7 goblins
  6 hobgoblins
  9 jackals
  6 kobolds
  A quokka (D:3)
  8 bats
  3 frilled lizards (D:3)
  5 rats
73 creatures vanquished.

Notes
Turn   | Place    | Note
-------+----------+-------------------------------------------
     0 | D:1      | MalarOregon the Minotaur Fighter began the quest for the
                  | Orb.
     0 | D:1      | Reached XP level 1. HP: 19/19 MP: 0/0
   216 | D:1      | Reached XP level 2. HP: 22/27 MP: 1/1
   225 | D:1      | Reached skill level 4 in Shields
   876 | D:2      | Reached XP level 3. HP: 33/33 MP: 2/2
  1337 | D:2      | Found a sparkling altar of Nemelex Xobeh.
  1338 | D:2      | Found a white marble altar of Elyvilon.
  1339 | D:2      | Found a hide-covered altar of Uskayaw.
  1339 | D:2      | Found a basalt altar of Yredelemnul.
  1346 | D:2      | Became a worshipper of Yredelemnul the Dark
  1417 | D:3      | Noticed an ogre
  1424 | D:3      | Reached skill level 1 in Dodging
  1430 | D:3      | Killed an ogre
  1430 | D:3      | Reached XP level 4. HP: 29/40 MP: 3/3
  1433 | D:3      | Reached XP level 5. HP: 33/46 MP: 4/4
  1681 | D:3      | Found a blossoming altar of Fedhas.
  1762 | D:3      | Noticed Jessica
  1770 | D:3      | Killed Jessica
  1770 | D:3      | Reached skill level 5 in Shields
  1890 | D:3      | Reached * piety under Yredelemnul
  2059 | D:3      | Reached XP level 6. HP: 33/53 MP: 5/5
  2769 | D:4      | Slain by an orc priest

Skill      XL: |  1  2  3  4  5 |
---------------+----------------+-----
Shields        | 4 5 |  5.6
Maces & Flails | 3 4 |  4.7
Fighting       | 4 |  4.8
Dodging        | 1 2 |  2.3
Armour         | 4 |  4.6

Action                   |  1- 3 |  4- 6 || total
-------------------------+-------+-------++-------
Melee: Flail             |    69 |   150 ||   219
       Headbutt          |     9 |    23 ||    32
  Eat: Chunk             |     1 |     5 ||     6
Armor: Scale mail        |    24 |    54 ||    78
Dodge: Dodged            |    19 |    46 ||    65
Block: Shield            |    31 |    75 ||   106
